 Dungeon Crawl Stone Soup version 0.31.0-12-g77e489cdc1 (webtiles) character file.

Game seed: 3760320207875930327

160 ChrisAssaf the Grave Robber (level 5, -2/37 HPs)
             Began as a Human Necromancer on Feb 13, 2024.
             Slain by an orc
             ... wielding a +0 hand axe
              (4 damage)
             ... on level 4 of the Dungeon.
             The game lasted 00:08:01 (917 turns).

ChrisAssaf the Grave Robber (Human Necromancer)      Turns: 917, Time: 00:08:01

Health: -2/37      AC:  2    Str:  8    XL:     5   Next: 41%
Magic:  0/9        EV: 12    Int: 17    God:
Gold:   34         SH:  0    Dex: 12    Spells: 1/9 levels left

rFire   . . .        d - +0 short sword
rCold   . . .        (no shield)
rNeg    . . .        a - +0 robe
rPois   .            (no helmet)
rElec   .            (no cloak)
rCorr   .            (no gloves)
SInv    .            (no boots)
Will    .....        (no amulet)
Stlth   ++           (no ring)
HPRegen 0.26/turn    (no ring)
MPRegen 0.11/turn

%: no passive effects
@: no status effects
A: explore regen, clumsy 1
a: no special abilities


You were on level 4 of the Dungeon.
You visited 1 branch of the dungeon, and saw 4 of its levels.

You collected 34 gold pieces.

Inventory:

Hand Weapons
 d - a +0 short sword (weapon)
Missiles
 b - 4 boomerangs (quivered)
Armour
 a - a +0 robe (worn)
Jewellery
 f - a ring of positive energy


   Skills:
 * Level 1.0 Fighting
 * Level 1.0 Short Blades
 * Level 0.4 Throwing
 * Level 1.4 Armour
 * Level 2.6 Dodging
 * Level 2.4 Stealth
 * Level 2.9 Spellcasting
 * Level 4.8 Necromancy


You had one spell level left.
You knew the following spells:

 Your Spells              Type           Power      Damage    Failure   Level
a - Necrotise             Necr           76%        1d7       2%          1
b - Vampiric Draining     Necr           19%        2d7       7%          3
c - Animate Dead          Necr           19%        N/A       24%         4

Your spell library contained the following spells:

 Spells                   Type           Power      Damage    Failure   Level
 Inner Flame              Hex/Fire       2%         N/A       47%         3
 Curse of Agony           Necr           19%        N/A       54%         5
 Irradiate                Conj/Alch      1%         3d12      99%         5
 Ignition                 Fire           1%         3d3       100%        8


Dungeon Overview and Level Annotations

Branches:
Dungeon (4/15)
 Temple: D:4-7

Altars:

Annotations:
D:3 Robin


Innate Abilities, Weirdness & Mutations

You regain HP and MP as you explore.
You are clumsy. (Dex -2)


Message History

The ribbon worm writhes in agony.
Unknown command.
Casting: Necrotise (safe; 2% risk of failure)
Confirm with . or Enter, or press ? or * to list all spells.
Aiming: Necrotise (safe; 2% risk of failure)
Press: ? - help, Shift-Dir - straight line, f/p - ribbon worm
Aim: a ribbon worm (moderately wounded, chance to affect: 84%)
The ribbon worm writhes in agony.
The ribbon worm bites you.
Unknown command.
You hit the ribbon worm.
The ribbon worm is almost dead.
The ribbon worm bites you!
You hit the ribbon worm.
The ribbon worm is almost dead.
The orc closely misses you. The ribbon worm barely misses you.
You barely miss the ribbon worm.
The ribbon worm is almost dead.
The orc misses you.
You hit the ribbon worm but do no damage.
The ribbon worm is almost dead.
The ribbon worm bites you! The orc closely misses you.
You barely miss the ribbon worm.
The ribbon worm is severely wounded.
The ribbon worm bites you.
* * * LOW HITPOINT WARNING * * *
The orc hits you with a +0 hand axe.
* * * LOW HITPOINT WARNING * * *
Your magical contamination has completely faded away.
It was a potion of mutation.
You feel extremely strange.
You feel frail.
You feel robust.
You feel clumsy. The orc closely misses you. The ribbon worm bites you.
* * * LOW HITPOINT WARNING * * *
Unknown command.
Casting: Necrotise (safe; 2% risk of failure)
Confirm with . or Enter, or press ? or * to list all spells.
Aiming: Necrotise (safe; 2% risk of failure)
Press: ? - help, Shift-Dir - straight line, f/p - ribbon worm
Aim: a ribbon worm (severely wounded, chance to affect: 84%)
The ribbon worm writhes in agony.
The orc hits you with a +0 hand axe.
You die...

#####.#.#.# #.#.#.# #.#
#.#.#.# #.# #.#<#.#
#.## #####.###.# #..
#.........# #.#
#......†..#####.#######
#.......^>.....o.......
#..............@..)....
#..............w#####.#
#........#######....
#........# .....
#........# ......
#........# ......
########## .....<
......


You could see a ribbon worm and an orc.

Vanquished Creatures
  A black bear (D:4)
  3 adders
  A ribbon worm (D:2)
  An orc (D:3)
  A bat (D:2)
  5 endoplasms
  4 giant cockroaches
  7 goblins (D:3)
  5 hobgoblins
  3 kobolds
  A quokka (D:2)
  A ball python (D:2)
  5 rats
38 creatures vanquished.

Vanquished Creatures (collateral kills)
  A hobgoblin (D:1)
  A quokka (D:2)
  A ball python (D:2)
3 creatures vanquished.

Grand Total: 41 creatures vanquished

Notes
Turn   | Place    | Note
-------+----------+-------------------------------------------
     0 | D:1      | ChrisAssaf the Human Necromancer began the quest for the
                  | Orb.
     0 | D:1      | Reached XP level 1. HP: 13/13 MP: 3/3
   180 | D:1      | Reached XP level 2. HP: 19/19 MP: 0/5
   335 | D:2      | Reached XP level 3. HP: 10/24 MP: 3/6
   346 | D:2      | Learned a level 3 spell: Vampiric Draining
   594 | D:3      | Reached skill level 1 in Armour
   667 | D:3      | Noticed Robin
   683 | D:3      | Reached XP level 4. HP: 22/31 MP: 7/7
   825 | D:4      | Learned a level 4 spell: Animate Dead
   863 | D:4      | Noticed a black bear
   872 | D:4      | Killed a black bear
   873 | D:4      | Reached skill level 1 in Fighting
   873 | D:4      | Reached skill level 1 in Short Blades
   873 | D:4      | Reached XP level 5. HP: 35/37 MP: 0/9
   916 | D:4      | Gained mutation: You are frail. (-10% HP) [potion of
                  | mutation]
   916 | D:4      | Lost mutation: You are frail. (-10% HP) [potion of
                  | mutation]
   916 | D:4      | Gained mutation: You are clumsy. (Dex -2) [potion of
                  | mutation]
   916 | D:4      | HP: 1/37 [ribbon worm (4)]
   917 | D:4      | Slain by an orc

Illustrated notes

Levels and vault maps discovered:
D:1:      dpeg_arrival_prison, layout_basic
D:2:      layout_rooms, corexii_leaking_fountain, minmay_misc_feat_hallway,
          nicolae_titane
D:3:      layout_basic, minmay_strange_pillars, minmay_surrounded, uniq_robin,
          uniq_terence
D:4:      layout_basic, uniq_duvessa

Skill      XL: |  1  2  3  4 |
---------------+-------------+-----
Armour         | 1 |  1.4
Fighting       | 1 |  1.0
Short Blades   | 1 |  1.0
Throwing       | |  0.4
Dodging        | |  2.6
Stealth        | |  2.4
Spellcasting   | |  2.9
Necromancy     | |  4.8

Action                     |  1- 3 |  4- 6 || total
---------------------------+-------+-------++-------
  Melee: Short sword       |    47 |    23 ||    70
  Throw: Boomerang         |       |     9 ||     9
   Cast: Necrotise         |    31 |     6 ||    37
         Vampiric Draining |     7 |     5 ||    12
    Use: Potion            |     2 |     5 ||     7
         Scroll            |     1 |       ||     1
   Stab: Sleeping          |     1 |       ||     1
 Armour: Robe              |    44 |    37 ||    81
  Dodge: Dodged            |    47 |    30 ||    77
